cohdb
Replays
Latest Replays
All Replays
Popular Replays
Top Player Replays
Match Explorer
How It Works
Community
CoH3 Stats
Reddit
Sign in to upload your games and track your stats! →
Sign in with Steam
Match 42754774
Unlisted
Match 42754774
Overview
Messages
Build Orders
End
Construct Infanterie Kompanie
Kettenkrad Recon Vehicle
Selects Terror Battlegroup
Grenadier Squad
Selects Machine Gun Camouflage
MG 42 Machine Gun Team
Medical Station
Selects Interrogate
Infanterie Officer Quarters
Grenadier Squad
Construct Panzergrenadier Kompanie
MG 42 Machine Gun Team
251 Medium Carrier
Pioneer Squad
Panzergrenadier Squad
Selects Jericho Trumpet
Support Elements
JSN
ĹUZ
AзИз BoP ЧёPнЫx ПpИoP
Panzes
minis
moyu
gUi
GenghisKant
0
0
Comments
sign in to comment!
No comments posted yet!